 Dungeon Crawl Stone Soup version 0.14-a0-1686-g0e827d1 (webtiles) character file.

196 Herrn the Shield-Bearer (level 4, -4/29 HPs)
             Began as a Gargoyle Fighter on Dec 30, 2013.
             Killed by divine providence
             ... invoked by an orc priest
              (14 damage)
             ... on Level 3 of the Dungeon.
             The game lasted 00:06:40 (1813 turns).

Herrn the Shield-Bearer (Gargoyle Fighter)          Turns: 1813, Time: 00:06:41

HP  -4/29        AC 13     Str 20      XL: 4   Next: 66%
MP   4/4         EV  6     Int  9      God:
Gold 101         SH 18     Dex  9      Spells:  0 memorised,  3 levels left

rFire  x . .     SeeInvis .     v - +1,+0 dwarf hammer
rCold  + . .     Clarity  .     b - +0 scale mail
rNeg   + . .     Conserve +     c - +0 shield
rPois  +         rCorr    +     q - +0 helmet
rElec  +         rRot     +     u - +1 cloak {rCorr, Cons}
SustAb . .       Spirit   .     (no gloves)
rMut   .         Warding  .     (no boots)
Saprov . . .     Stasis   .     (no amulet)
                                t - cursed ring of hunger
                                p - ring of ice

@: slightly resistant to hostile enchantments, extremely unstealthy
A: life protection 1, electricity resistance, unbreathing, petrification
resistance, AC +3
a: no special abilities


You were on level 3 of the Dungeon.
You were hungry.

You visited 1 branch of the dungeon, and saw 3 of its levels.

You collected 101 gold pieces.

Inventory:

Hand weapons
 a - a +0,+0 mace
 v - a +1,+0 dwarven hammer (weapon)
Armour
 b - a +0 scale mail (worn)
 c - a +0 shield (worn)
 e - a +0 elven cloak
 q - a +0 helmet (worn)
 u - a +1 cloak of preservation (worn)
Comestibles
 d - 4 bread rations
 l - 14 strawberries
Scrolls
 f - a scroll of fear {unknown}
 g - a scroll of enchant weapon II {unknown}
 h - 4 scrolls of identify {unknown}
 j - a scroll of curse weapon {unknown}
 n - 2 scrolls of remove curse {unknown}
Jewellery
 p - a ring of ice (left hand)
 t - a cursed ring of hunger (right hand)
 w - an uncursed amulet of resist corrosion {unknown}
Potions
 i - a potion of confusion {unknown}
 k - 2 potions of flight {unknown}
 m - a potion of restore abilities {unknown}
 r - a potion of heal wounds {unknown}
 s - a potion of curing {unknown}


   Skills:
 + Level 3.7 Fighting
 * Level 2.7 Maces & Flails
 + Level 3.5 Armour
 * Level 1.9 Dodging
 + Level 4.1 Shields


You had 3 spell levels left.
You didn't know any spells.

Dungeon Overview and Level Annotations

Branches:
Dungeon (3/16)

Altars:
Elyvilon
Nemelex Xobeh


Innate Abilities, Weirdness & Mutations

You are resistant to torment.
You are immune to poison.
Your stone body is very resilient (AC +3).
You resist negative energy.
You are resistant to electric shocks.
You can survive without breathing.
You are immune to petrification.


Message History

An orc priest comes into view. It is wielding an orcish dagger.
The orc priest shouts!
Found a scroll labeled KECZEO FYEMP.
An orc and an orc wizard come into view.
The orc shouts!
The orc wizard shouts!
The orc priest calls down the wrath of Beogh upon you.
Something smites you!
Ouch! That really hurt!
A hobgoblin comes into view. It is wielding a club.
A quokka comes into view.
The orc wizard gestures at you while chanting.
The puff of flame hits you! The fire burns you terribly!
* * * LOW HITPOINT WARNING * * *
The orc wizard casts a spell.
The orc wizard flickers and vanishes!
Deactivating autopickup; reactivate with Ctrl-A.
The orc priest invokes the aid of Beogh against you.
Something smites you!
You die...

#.#.# #......
#####.#.# #.#
#...#.#.#. ........#
#.# #.......#..
#####.### #.#
##..##......# #.# #.#
#... #.....# #.# #.#
#..# #.....# #.# #.#
#..# #.....# #.#
#.###..###.....#
#.#####.....@[.......#
#...o.......#####...##
#.###############...#
#..........<........#
#.####...####.###....#
#.# #(# #.# #.##.# #..
#.# #.# .# ### #.# #.#
# #.# ..#


You could see an orc priest.

Vanquished Creatures
  Crazy Yiuf (D:2)
  An adder (D:2)
  3 worms (D:2)
  A giant gecko (D:1)
  2 ball pythons (D:2)
  4 giant cockroaches
  5 goblins
  5 hobgoblins
  4 kobolds
  A quokka (D:2)
  6 bats
  3 giant newts
  3 rats (D:2)
39 creatures vanquished.

Notes
Turn   | Place    | Note
--------------------------------------------------------------
     0 | D:1      | Herrn, the Gargoyle Fighter, began the quest for the Orb.
     0 | D:1      | Reached XP level 1. HP: 14/14 MP: 1/1
   281 | D:1      | Reached XP level 2. HP: 19/19 MP: 2/2
   768 | D:2      | Reached XP level 3. HP: 10/23 MP: 3/3
   774 | D:2      | Reached skill level 1 in Dodging
  1061 | D:2      | Noticed Crazy Yiuf
  1072 | D:2      | Killed Crazy Yiuf
  1072 | D:2      | Reached skill level 4 in Shields
  1072 | D:2      | Reached XP level 4. HP: 2/28 MP: 4/4
  1084 | D:2      | Identified a +1 cloak of preservation (You took it off Crazy Yiuf on level 2 of the Dungeon)
  1361 | D:2      | Found a sparkling altar of Nemelex Xobeh.
  1522 | D:2      | Found a white marble altar of Elyvilon.
  1813 | D:3      | Killed from afar by an orc priest

Action                   |  1- 3 |  4- 6 || total
-------------------------+-------+-------++-------
Melee: Mace              |   110 |       ||   110
       Hammer            |       |    60 ||    60
